 Dungeon Crawl Stone Soup version 0.25.1-2-g60ff931df9 (webtiles) character file.

Game seed: 8805913961061389154

74 hawla the Chopper (level 4, -4/40 HPs)
             Began as a Hill Orc Monk on Sept 27, 2020.
             Slain by an ogre
             ... wielding a +0 giant spiked club
              (13 damage)
             ... on level 2 of the Dungeon.
             The game lasted 00:03:36 (1851 turns).

hawla the Chopper (Hill Orc Monk)                   Turns: 1851, Time: 00:03:37

Health: -4/40      AC:  2    Str: 14    XL:     4   Next: 30%
Magic:  4/4        EV: 13    Int: 10    God:
Gold:   21         SH:  0    Dex: 13    Spells: 3/3 levels left

rFire    + . .     SeeInvis .   a - +1 hand axe
rCold    + . .     Gourm    .   (no shield)
rNeg     . . .     Faith    .   b - +0 robe
rPois    +         Spirit   .   (no helmet)
rElec    +         Reflect  .   (no cloak)
rCorr    +         Harm     .   (no gloves)
MR       .....                  (no boots)
Stlth    ++........             (no amulet)
HPRegen  0.13/turn              (no ring)
MPRegen  0.09/turn              (no ring)

@: resistant
A: no striking features
a: no special abilities


You were on level 2 of the Dungeon.
You were not hungry.

You visited 1 branch of the dungeon, and saw 2 of its levels.

You collected 21 gold pieces.

Inventory:

Hand Weapons
 a - a +1 hand axe (weapon)
Armour
 b - a +0 robe (worn)
 g - a +0 ring mail
 h - a +0 chain mail
 l - a +0 leather armour
Jewellery
 n - an uncursed amulet of the acrobat {unknown}
Scrolls
 j - a scroll of remove curse {unknown}
 m - a scroll of teleportation {unknown}
Potions
 d - a potion of flight
 i - 2 potions of brilliance {unknown}
Comestibles
 c - 3 rations
 k - 5 chunks of flesh


   Skills:
 + Level 4.2 Fighting
 + Level 5.0 Axes
 * Level 3.3 Dodging
 - Level 1.5 Stealth


You had 3 spell levels left.
You didn't know any spells.
Your spell library was empty.

Dungeon Overview and Level Annotations

Branches:
Dungeon (2/15)

Altars:


Message History

The scroll dissolves into smoke.
It was a scroll of fog.
The bat misses you. The jackal bites you.
The jackal bites you but does no damage.
The bat hits you but does no damage.
Really walk into that dispersal trap?
You enter a dispersal trap!
The jackal blinks!
The bat blinks! x2; You blink.
Some of the chunks of flesh in your inventory have rotted away.
It was a potion of resistance.
You feel protected.
The jackal enters a dispersal trap!
The jackal blinks!
The ogre blinks!
The adder blinks!
The ogre hits you with a +0 giant spiked club!
* * * LOW HITPOINT WARNING * * *
You barely miss the ogre. You hit the jackal. The jackal bites you.
* * * LOW HITPOINT WARNING * * *
The bat enters a dispersal trap!
The jackal blinks! x2; The ogre blinks!
The adder blinks!
You blink.
You barely miss the ogre. The bat closely misses you.
The ogre hits you with a +0 giant spiked club!
You die...

#§.# #.h# #h.# #..#
#.S# ### #..#
#.#############§.#
##..............Ob#
................@.#
###################
# #


You could see an ogre, an adder, 2 jackals and a bat.

Vanquished Creatures
  A gnoll (D:1)
  6 dart slugs
  5 leopard geckos
  3 giant cockroaches
  8 goblins
  3 hobgoblins
  4 jackals (D:2)
  A quokka (D:2)
  6 bats
  3 frilled lizards
  2 kobolds (D:1)
  6 rats
48 creatures vanquished.

Notes
Turn   | Place    | Note
-------+----------+-------------------------------------------
     0 | D:1      | hawla the Hill Orc Monk began the quest for the Orb.
     0 | D:1      | Reached XP level 1. HP: 19/19 MP: 1/1
   133 | D:1      | Reached XP level 2. HP: 19/27 MP: 2/2
   406 | D:1      | Reached XP level 3. HP: 32/33 MP: 3/3
  1603 | D:2      | Reached XP level 4. HP: 40/40 MP: 4/4
  1812 | D:2      | Reached skill level 5 in Axes
  1836 | D:2      | Noticed an ogre
  1851 | D:2      | Slain by an ogre

Illustrated notes

Levels and vault maps discovered:
D:1:      nicolae_arrival_somewhat_less_tricky_arrival, layout_basic,
          serial_curves, eino_curves_03, eino_curves_01, eino_curves_04,
          eino_curves_01, st_stairs_4, minmay_pentomino_z2
D:2:      layout_loops_ring, minitemple, first_ration, grunt_ministairs_14,
          fedhas_altar_fruit_tree

Skill      XL: |  1  2  3  4 |
---------------+-------------+-----
Fighting       | 4 |  4.2
Dodging        | 3 |  3.3
Axes           | 5 |  5.0
Stealth        | |  1.5

Action                   |  1- 3 |  4- 6 || total
-------------------------+-------+-------++-------
Melee: Hand axe          |   103 |    31 ||   134
  Use: Potion            |     2 |     1 ||     3
       Scroll            |     2 |     1 ||     3
 Stab: Sleeping          |     1 |     2 ||     3
  Eat: Chunk             |     2 |     1 ||     3
Armor: Robe              |    11 |    14 ||    25
Dodge: Dodged            |    77 |    39 ||   116
